 Dungeon Crawl Stone Soup version 0.26-a0-663-g36e8fdb655 (webtiles) character file.

Game seed: 9912272707907817593

277987 Napalmbreeze the Slingshot (level 21, -9/155 HPs)
             Began as a Halfling Fighter on Oct 11, 2020.
             Was a High Priest of Okawaru.
             Killed from afar by a fire giant (45 damage)
             ... with a bolt of fire
             ... on level 3 of the Vaults on Oct 12, 2020.
             The game lasted 03:42:22 (65156 turns).

Napalmbreeze the Slingshot (Halfling Fighter)      Turns: 65156, Time: 03:42:22

Health: -9/155     AC: 28    Str: 21    XL:     21   Next: 27%
Magic:  22/27      EV: 24    Int:  6    God:    Okawaru [*****.]
Gold:   3374       SH: 19    Dex: 34    Spells: 20/20 levels left

rFire    . . .     SeeInvis +   b - +3 fustibalus (vorpal)
rCold    . . .     Faith    .   U - +1 kite shield {AC+3}
rNeg     . . .     Spirit   .   G - +4 chain mail "Aggerelo" {rCorr Dex+5}
rPois    +         Reflect  .   s - +1 helmet
rElec    .         Harm     .   u - scarf {repulsion}
rCorr    +         Rampage  .   W - +1 pair of gloves of the Harp {rPois Dex+4}
MR       ++...                  V - +0 pair of boots
Stlth    +++++.....             R - amulet of Accord {RegenMP +Inv rPois Dex+5 Stlth+}
HPRegen  0.35/turn              E - ring of see invisible
MPRegen  0.45/turn              S - ring of protection from magic

@: heroism, finesse, lightly drained, repel missiles
A: small, mutation resistance 1
}: 2/15 runes: barnacled, gossamer
a: Heroism, Finesse, Renounce Religion, Evoke Invisibility


You were on level 3 of the Vaults.
You worshipped Okawaru.
Okawaru was extremely pleased with you.
You visited 7 branches of the dungeon, and saw 36 of its levels.
You visited 1 bazaar.
You also visited: Ossuary, Gauntlet and Volcano.

You collected 6850 gold pieces.
You spent 3476 gold pieces at shops.

Inventory:

Hand Weapons
 a - a +4 short sword
 b - a +3 vorpal fustibalus (weapon)
Missiles
 K - 176 sling bullets
 X - 576 stones (quivered)
Armour
 s - a +1 helmet (worn)
 u - a scarf of repulsion (worn)
 G - the +4 chain mail "Aggerelo" (worn) {rCorr Dex+5}
   (You bought it in a shop on level 4 of the Shoals)

   It affects your dexterity (+5).
   It provides partial protection from all sources of acid and corrosion.
 U - a +1 kite shield of protection (worn)
 V - a +0 pair of boots (worn)
 W - the +1 pair of gloves of the Harp (worn) {rPois Dex+4}
   (Okawaru gifted it to you on level 4 of the Shoals)

   It affects your dexterity (+4).
   It protects you from poison.
Jewellery
 d - a +4 ring of evasion
 r - an uncursed ring of resist corrosion
 y - an uncursed ring of positive energy
 A - a +4 ring of protection
 E - a ring of see invisible (left hand)
 P - an uncursed amulet of guardian spirit
 Q - an uncursed ring of ice
 R - the amulet of Accord (around neck) {RegenMP +Inv rPois Dex+5 Stlth+}
   (You acquired it on level 2 of the Elven Halls)

   [amulet of magic regeneration]

   It increases your magic regeneration.
   It affects your dexterity (+5).
   It protects you from poison.
   It lets you turn invisible.
   It makes you more stealthy.
 S - a ring of protection from magic (right hand)
Wands
 p - a wand of acid (1)
 L - a wand of enslavement (6)
 M - a wand of digging (10)
 O - a wand of flame (31)
 T - a wand of iceblast (37)
 Z - a wand of disintegration (11)
Scrolls
 c - 2 scrolls of summoning
 e - 3 scrolls of immolation
 j - 11 scrolls of magic mapping
 k - a scroll of fog
 m - a scroll of silence
 q - 5 scrolls of fear
 t - 5 scrolls of teleportation
 w - a scroll of holy word
 x - 15 scrolls of remove curse
 D - 10 scrolls of identify
 H - 6 scrolls of blinking
Potions
 g - a potion of invisibility
 h - 6 potions of berserk rage
 i - 2 potions of heal wounds
 l - 7 potions of flight
 n - 4 potions of resistance
 o - 6 potions of might
 v - 12 potions of curing
 z - 8 potions of lignification
 Y - 4 potions of haste
Miscellaneous
 f - a phial of floods
 C - a box of beasts (3/3)
 F - a condenser vane (2/2)
 I - a phantom mirror
 J - a lightning rod (4/4)
 N - a tin of tremorstones (3/3)


   Skills:
 + Level 16.9(21.2) Fighting
 - Level 13.6(18.0) Short Blades
 - Level 22.0(26.2) Slings
 - Level 13.0(17.3) Armour
 - Level 7.9(12.3) Dodging
 - Level 10.0(14.4) Stealth
 + Level 13.4(17.8) Shields
 - Level 8.0(7.5) Invocations
 + Level 11.6(11.1) Evocations


You had 20 spell levels left.
You didn't know any spells.
Your spell library contained the following spells:

 Spells                   Type           Power        Failure   Level
 Animate Skeleton         Necr           #.....       96%         1
 Apportation              Tloc           #.....       96%         1
 Beastly Appendage        Tmut           #.....       96%         1
 Corona                   Hex            #......      96%         1
 Freeze                   Ice            #...         96%         1
 Magic Dart               Conj           #...         96%         1
 Pain                     Necr           #...         96%         1
 Sandblast                Erth           #.....       96%         1
 Summon Small Mammal      Summ           #...         96%         1
 Blink                    Tloc           N/A          99%         2
 Call Imp                 Summ           #.......     99%         2
 Passwall                 Tmut/Erth      #.......     99%         2
 Slow                     Hex            #.......     99%         2
 Sublimation of Blood     Necr           #.........   99%         2
 Wereblood                Tmut           #.......     99%         2
 Call Canine Familiar     Summ           #.......     100%        3
 Confusing Touch          Hex            #.......     100%        3
 Conjure Flame            Conj/Fire      #.......     100%        3
 Frozen Ramparts          Ice            #.....       100%        3
 Gell's Gravitas          Tloc           #.........   100%        3
 Mephitic Cloud           Conj/Pois/Air  #.......     100%        3
 Ozocubu's Armour         Ice            #.......     100%        3
 Portal Projectile        Hex/Tloc       #.....       100%        3
 Spider Form              Tmut/Pois      #.........   100%        3
 Stone Arrow              Conj/Erth      #.....       100%        3
 Summon Guardian Golem    Hex/Summ       #.......     100%        3
 Vampiric Draining        Necr           #.........   100%        3
 Animate Dead             Necr           #.........   100%        4
 Hailstorm                Conj/Ice       #.......     100%        4
 Ice Form                 Ice/Tmut       #.......     100%        4
 Petrify                  Tmut/Erth      #.......     100%        4
 Summon Ice Beast         Ice/Summ       #.......     100%        4
 Summon Lightning Spire   Summ/Air       #.......     100%        4
 Agony                    Necr           #.......     100%        5
 Blade Hands              Tmut           #.........   100%        5
 Borgnjor's Vile Clutch   Necr/Erth      #.........   100%        5
 Lee's Rapid Deconstruct  Erth           #.........   100%        5
 Metabolic Englaciation   Hex/Ice        #.........   100%        5
 Yara's Violent Unravell  Hex/Tmut       #.........   100%        5
 Death Channel            Necr           #.........   100%        6
 Dispersal                Tloc           #.........   100%        6
 Freezing Cloud           Conj/Ice/Air   #.........   100%        6
 Ozocubu's Refrigeration  Ice            #.........   100%        6
 Simulacrum               Ice/Necr       #.........   100%        6
 Disjunction              Tloc           #.........   100%        8


Dungeon Overview and Level Annotations

Branches:
Dungeon (15/15)            Temple (0/1) D:5            Lair (6/6) D:10
 Shoals (4/4) Lair:3       Spider (4/4) Lair:2        Slime (0/5) Lair:5
    Orc (2/2) D:9             Elf (2/3) Orc:2        Vaults (2/5) D:14
  Crypt (0/3) Vaults:2     Depths (0/5) D:15        Ossuary (visited)
Volcano (visited)         Gauntlet (visited)

Altars:
Ashenzari
Dithmenos
Elyvilon
Fedhas
Hepliaklqana
Nemelex Xobeh
Okawaru
Qazlal
Ru
Sif Muna
Vehumet
Wu Jian
Yredelemnul
Zin
The Shining One
Beogh
Jiyva

Shops:
D:6 *   D:10 !   D:13 ?   Orc:2 :[([   Elf:2 (   Shoals:4 [![([

Annotations:
Spider:1 2 exclusions
Elf:2 5 runed translucent doors


Innate Abilities, Weirdness & Mutations

You are small and have problems with some larger weapons.
You are somewhat resistant to further mutation.


Message History

You shoot a stone. The stone hits the fire giant!
The fire giant is heavily wounded.
You shoot a stone. The stone hits the fire giant.
The fire giant is heavily wounded.
You shoot a stone.
The stone hits the fire giant but does no damage.
The fire giant is heavily wounded.
The fire giant points at you and mumbles some strange words.
The bolt of fire hits you!!!
You are too injured to fight recklessly!
You feel much better.
The fire giant gestures at you while chanting.
The fireball explodes!
The fireball engulfs you!!!
* * * LOW HITPOINT WARNING * * *
Unknown command.
As you read the scroll of fog, it crumbles to dust.
The scroll dissolves into smoke.
The fire giant gestures at you while chanting.
The bolt of fire hits you!!!
You die...

*****,,* *,,,,,,*** ,,,,,,,*
*,,,,<,,*, ,,,,,,,* *,,*,,,,,,
,,,,,,,* *,***,,,,, ,,,,,,,* ***
**,,<, ,,,,,,,* **,,,,* ,,,,,..*
*,,,,**
,,,,,..#################***+**+**
,,,,,..........§@§§.....,,,,,,,,,
,,,,,..........§§§......,,,,,,,,,
,,,,,..........§§.§.....,,,,,,,,,
,,,,,................p..,,,,,,,,,
,,,,,.......C...........,,,,,,,,,
,,,,,.......(...........,,,,,,,,,
,,,,,...................,,,,,,,,,
,,,,,...................,,,,,,,,,
,,,,,.................,,,,,,,,,,,


You could see a fire giant and a wizard.

Vanquished Creatures
  Jorgrun (Spider:3)
  2 krakens (Shoals:4)
  Gastronok (D:7)
  A storm dragon (D:14)
  Kirke (Lair:4)
  An emperor scorpion (Spider:1)
  4 vault wardens
  3 ghost moths (Spider:4)
  Aizul (Spider:1)
  An orc warlord (Orc:1)
  4 ironheart preservers
  3 entropy weavers
  A minotaur (Gauntlet)
  3 spark wasps
  A spark wasp (shapeshifter) (Gauntlet)
  An eidolon (Vaults:2)
  An ettin (D:14)
  A deep elf death mage (Elf:1)
  5 merfolk javelineers
  6 merfolk impalers
  2 yaktaur captains
  2 fire dragons
  A deep elf high priest (Elf:1)
  Josephine (D:10)
  A great orb of eyes (D:14)
  6 boulder beetles
  9 vault guards
  4 hydras
  A rakshasa (Vaults:1)
  An alligator snapping turtle (Shoals:1)
  4 merfolk avatars
  6 centaur warriors
  A death knight (D:14)
  8 dancing weapons
  2 satyrs
  2 merfolk aquamancers
  4 ogre magi
  A two-headed ogre (shapeshifter) (Gauntlet)
  5 orc high priests
  19 two-headed ogres
  A vampire mage (Vaults:2)
  A queen ant (shapeshifter) (D:14)
  9 deep elf knights
  A shadow wraith (Vaults:2)
  8 deep trolls (Vaults:1)
  10 sea snakes
  2 wizards
  2 unseen horrors
  A lindwurm (Lair:4)
  10 orc knights
  4 ironbrand convokers (Vaults:1)
  2 phantasmal warriors
  10 deep elf archers
  16 orb spiders
  17 ugly things
  14 harpies
  10 fauns
  7 orc sorcerers
  2 necromancers
  32 wolf spiders
  5 cyclopes
  42 deep elf magi
  2 fauns (shapeshifter)
  2 moths of wrath (Spider:4)
  3 salamanders (Volcano)
  7 oklob plants
  15 manticores
  11 black mambas
  6 vault sentinels (Vaults:1)
  6 elephants
  6 centaur zombies
  An eye of devastation (shapeshifter) (Gauntlet)
  12 merfolk sirens
  A guardian serpent (Lair:6)
  4 water nymphs
  A gargoyle (D:12)
  Psyche (D:8)
  2 torpor snails
  12 cane toads
  4 yaktaurs (Vaults:2)
  A kobold demonologist (D:15)
  An ice devil (Gauntlet)
  2 rime drakes
  An efreet (D:14)
  11 demonic crawlers
  A freezing wraith (D:14)
  10 komodo dragons
  32 jumping spiders
  2 trolls
  3 human skeletons (Vaults:1)
  38 merfolk
  6 wind drakes
  A hornet (shapeshifter) (D:14)
  A polar bear (Lair:3)
  13 hornets
  2 tengu conjurers (D:15)
  19 slime creatures
  A tyrant leech (shapeshifter) (D:14)
  5 dream sheep
  6 snapping turtles
  An air elemental (Elf:2)
  A centaur simulacrum (D:14)
  A vampire (D:14)
  98 redbacks
  24 wyverns
  38 tarantellas
  15 water elementals
  5 hogs
  8 wraiths
  A basilisk (D:9)
  7 fire bats (Volcano)
  A fire elemental (Elf:1)
  2 shadows
  A steam dragon (Volcano)
  34 yaks
  5 vampire mosquitoes
  Menkaure (D:7)
  5 wargs
  A soldier ant (shapeshifter) (Elf:1)
  A soldier ant (D:14)
  2 acid dragons
  17 water moccasins
  Edmund (D:4)
  A floating eye (Lair:4)
  4 ice beasts
  4 sky beasts
  3 black bears
  28 orc warriors
  A meliai simulacrum (D:15)
  5 boggarts (Vaults:1)
  An eye of draining (D:9)
  11 wolves
  17 ogres
  4 phantoms
  16 centaurs
  3 big kobolds
  A yaktaur zombie (Vaults:1)
  An earth elemental (Elf:1)
  22 bullfrogs
  A gnoll sergeant (D:6)
  4 scorpions
  10 killer bees
  8 wights
  4 howler monkeys
  5 electric eels
  2 bullfrog zombies
  2 quasits
  7 hounds
  25 orc wizards
  20 orc priests
  15 centaur skeletons
  2 bullfrog skeletons
  12 worker ants
  A big kobold zombie (Ossuary)
  8 mummies (Ossuary)
  A hound zombie (D:8)
  A howler monkey zombie (D:11)
  3 gnolls (D:6)
  2 howler monkey skeletons
  8 adders
  3 shadow imps
  2 white imps (Gauntlet)
  An ooze (D:4)
  3 ufetubi
  3 worms
  A worm (shapeshifter) (Gauntlet)
  A dart slug (D:1)
  5 leopard geckos
  70 orcs
  5 giant cockroaches
  4 goblins
  2 hobgoblins
  7 jackals
  18 kobolds
  4 quokkas
  A ball python (D:1)
  A ball python skeleton (D:5)
  8 bats
  5 frilled lizards
  A giant cockroach zombie (D:6)
  2 hobgoblin zombies (Ossuary)
  3 kobold zombies (Ossuary)
  2 orc zombies (Ossuary)
  6 rats
  2 crawling corpses (Elf:1)
  5 tentacles (Shoals:4)
1278 creatures vanquished.

Vanquished Creatures (collateral kills)
  An emperor scorpion (Spider:4)
  A merfolk impaler (Shoals:4)
  2 wizards (D:15)
  A naga mage (D:15)
  A merfolk (Shoals:4)
  A hornet (Lair:6)
  A redback (Spider:4)
  A wyvern (Lair:6)
  2 water moccasins (Lair:6)
11 creatures vanquished.

Vanquished Creatures (others)
  A merfolk aquamancer (Shoals:2)
  51 fungi
  159 plants
  22 tentacles (Shoals:4)
233 creatures vanquished.

Grand Total: 1522 creatures vanquished

Notes
Turn   | Place    | Note
-------+----------+-------------------------------------------
     0 | D:1      | Napalmbreeze the Halfling Fighter began the quest for the
                  | Orb.
     0 | D:1      | Reached XP level 1. HP: 15/15 MP: 1/1
   167 | D:1      | Reached XP level 2. HP: 18/20 MP: 2/2
   379 | D:1      | Found an iron altar of Okawaru.
   389 | D:1      | Became a worshipper of Warmaster Okawaru
   451 | D:1      | Reached XP level 3. HP: 25/25 MP: 3/3
   877 | D:2      | Found a sacrificial altar of Ru.
   980 | D:2      | Found a sparkling altar of Nemelex Xobeh.
  1389 | D:2      | Found a sparkling altar of Nemelex Xobeh.
  1586 | D:2      | Reached XP level 4. HP: 28/31 MP: 4/4
  1895 | D:3      | Found a hazy altar of Hepliaklqana.
  1972 | D:3      | Reached skill level 1 in Slings
  2361 | D:3      | Found a white marble altar of Elyvilon.
  2788 | D:4      | Reached skill level 2 in Slings
  2788 | D:4      | Reached XP level 5. HP: 36/36 MP: 5/5
  2801 | D:4      | Reached skill level 3 in Slings
  2885 | D:3      | Reached * piety under Okawaru
  2885 | D:3      | Reached skill level 5 in Short Blades
  2885 | D:3      | Reached XP level 6. HP: 38/42 MP: 6/6
  2904 | D:4      | Noticed Edmund
  3001 | D:4      | Killed Edmund
  3001 | D:4      | Reached skill level 4 in Slings
  3296 | D:4      | Reached XP level 7. HP: 46/46 MP: 8/8
  3316 | D:4      | Reached skill level 5 in Slings
  3434 | D:4      | Found a glowing golden altar of the Shining One.
  3436 | D:4      | Found an iron altar of Okawaru.
  3438 | D:4      | Found a basalt altar of Yredelemnul.
  3841 | D:4      | Reached skill level 6 in Slings
  4045 | D:5      | Entered Level 5 of the Dungeon
  4047 | D:5      | Found a shadowy altar of Dithmenos.
  4163 | D:5      | Reached ** piety under Okawaru
  4178 | D:5      | Found a staircase to the Ecumenical Temple.
  4263 | D:5      | Reached XP level 8. HP: 54/54 MP: 9/9
  4329 | D:5      | Found a stormy altar of Qazlal.
  4338 | D:5      | Found a sacrificial altar of Ru.
  4756 | D:5      | Reached skill level 7 in Slings
  5046 | D:6      | Reached skill level 5 in Fighting
  5046 | D:6      | Reached skill level 8 in Slings
  5093 | D:6      | Reached skill level 9 in Slings
  5286 | D:6      | Found Zin's Purification Station.
  5298 | D:6      | Found a glowing silver altar of Zin.
  5488 | D:6      | Got a bloodstained leather armour
  5489 | D:6      | Identified the cursed +0 leather armour of the Land of
                  | Plenty {rPois Int+7} (You found it on level 6 of the
                  | Dungeon)
  5775 | D:7      | Found a radiant altar of Vehumet.
  5790 | D:7      | Reached skill level 10 in Slings
  5795 | D:7      | Noticed Menkaure
  5802 | D:7      | Killed Menkaure
  5802 | D:7      | Reached XP level 9. HP: 48/61 MP: 7/10
  5812 | D:7      | Reached skill level 11 in Slings
  5991 | D:7      | Found a broken altar of Ashenzari.
  6542 | D:7      | Reached *** piety under Okawaru
  6577 | D:8      | Reached skill level 12 in Slings
  6603 | D:8      | Found a sand-covered staircase.
  6609 | Ossuary  | Entered an ossuary
  6891 | D:8      | Noticed a two-headed ogre
  6957 | D:8      | Noticed Gastronok
  6957 | D:8      | Noticed Psyche
  7306 | D:7      | Killed Gastronok
  7306 | D:7      | Reached **** piety under Okawaru
  7306 | D:7      | Received a gift from Okawaru
  7306 | D:7      | Reached ***** piety under Okawaru
  7306 | D:7      | Reached skill level 13 in Slings
  7306 | D:7      | Reached skill level 5 in Invocations
  7306 | D:7      | Reached XP level 10. HP: 57/68 MP: 10/13
  7370 | D:7      | Found a radiant altar of Vehumet.
  7590 | D:8      | Killed a two-headed ogre
  7590 | D:8      | Received a gift from Okawaru
  7649 | D:8      | Received a gift from Okawaru
  7822 | D:8      | Reached skill level 14 in Slings
  7842 | D:8      | Killed Psyche
  8655 | D:9      | Reached XP level 11. HP: 58/72 MP: 15/17
  8681 | D:9      | Found an ornate altar of the Wu Jian Council.
  9038 | D:9      | Found a staircase to the Orcish Mines.
  9171 | D:9      | Found a sparkling altar of Nemelex Xobeh.
  9188 | D:10     | Entered Level 10 of the Dungeon
  9190 | D:10     | Found a staircase to the Lair.
  9190 | D:10     | Noticed an elephant
  9486 | D:10     | Found Isimus's Distillery.
  9544 | D:10     | Noticed Josephine
  9570 | D:10     | Killed Josephine
  9570 | D:10     | Received a gift from Okawaru
 10277 | D:10     | Killed an elephant
 10314 | D:10     | Reached skill level 10 in Short Blades
 11148 | D:11     | Noticed a two-headed ogre
 11165 | D:11     | Killed a two-headed ogre
 11748 | D:11     | Received a gift from Okawaru
 11780 | D:11     | Reached XP level 12. HP: 71/84 MP: 15/18
 11786 | D:11     | Got a transparent helmet {god gift}
 11797 | D:11     | Identified the -7 helmet "Redel" {rPois Int+4} (Okawaru
                  | gifted it to you on level 11 of the Dungeon)
 11952 | D:11     | Noticed a five-headed hydra
 11972 | D:11     | Killed a five-headed hydra
 12202 | D:11     | Reached skill level 15 in Slings
 12742 | D:11     | Killed an unseen horror
 12917 | D:12     | Noticed a two-headed ogre
 12928 | D:12     | Killed a two-headed ogre
 12928 | D:12     | Reached skill level 1 in Dodging
 12939 | D:12     | Noticed a two-headed ogre
 12940 | D:12     | Noticed a two-headed ogre
 12941 | D:12     | Noticed an ogre mage
 12946 | D:12     | Killed a two-headed ogre
 12946 | D:12     | Noticed a two-headed ogre
 12950 | D:12     | Killed a two-headed ogre
 12950 | D:12     | Reached skill level 10 in Fighting
 12954 | D:12     | Killed an ogre mage
 12955 | D:12     | Reached skill level 16 in Slings
 12960 | D:12     | Killed a two-headed ogre
 12987 | D:12     | Noticed a two-headed ogre
 12993 | D:12     | Killed a two-headed ogre
 12993 | D:12     | Received a gift from Okawaru
 12993 | D:12     | Reached skill level 5 in Dodging
 13580 | D:12     | Reached XP level 13. HP: 92/92 MP: 19/19
 13856 | D:12     | Reached skill level 17 in Slings
 13991 | D:12     | Received a gift from Okawaru
 14249 | D:13     | Noticed a centaur warrior
 14276 | D:13     | Killed a centaur warrior
 14384 | D:13     | Found Iqavargh's Magic Scroll Shoppe.
 14397 | D:13     | Bought a scroll of amnesia for 45 gold pieces
 14397 | D:13     | Bought a scroll of blinking for 97 gold pieces
 14592 | D:13     | Reached skill level 1 in Evocations
 14912 | Lair:1   | Entered Level 1 of the Lair of Beasts
 14935 | Lair:1   | Found a gate leading to a gauntlet.
 14951 | Gauntlet | Entered a Gauntlet
 14951 | Gauntlet | Found a transporter.
 14951 | Gauntlet | Found a transporter.
 15013 | Gauntlet | Found a transporter.
 15014 | Gauntlet | Found a transporter.
 15021 | Gauntlet | Found a transporter.
 15026 | Gauntlet | Found a transporter.
 15033 | Gauntlet | Found a transporter.
 15048 | Gauntlet | Found a runed translucent gate.
 15049 | Gauntlet | Found a transporter.
 15049 | Gauntlet | Found a runed translucent gate.
 15050 | Gauntlet | Found a runed translucent gate.
 15051 | Gauntlet | Identified the +10 battleaxe of the Lusting Hero {drain,
                  | rPois rN+ MR- SInv}
 15052 | Gauntlet | Noticed a ghost crab
 15063 | Gauntlet | Found a transporter.
 15067 | Gauntlet | Found a transporter.
 15075 | Gauntlet | Found a transporter.
 15079 | Gauntlet | Found a transporter.
 15630 | Gauntlet | Noticed an ettin
 15630 | Gauntlet | a queen ant changed into an ettin
 15633 | Gauntlet | Noticed a spark wasp
 15633 | Gauntlet | an ettin changed into a spark wasp
 15638 | Gauntlet | Killed a spark wasp
 15638 | Gauntlet | Reached skill level 5 in Armour
 15675 | Gauntlet | Got a slimy hat
 15676 | Gauntlet | Identified the cursed -6 hat of Lugonu's Whim {Dex+6
                  | Slay+3} (You found it in a Gauntlet)
 15743 | Gauntlet | Noticed a minotaur
 15774 | Gauntlet | Killed a minotaur
 16144 | Lair:1   | Noticed a four-headed hydra
 16548 | Lair:1   | Killed a four-headed hydra
 17116 | Lair:2   | Found a hazy altar of Hepliaklqana.
 17410 | Lair:2   | Received a gift from Okawaru
 17670 | Lair:2   | Reached skill level 18 in Slings
 17851 | Lair:2   | Found a hole to the Spider Nest.
 17856 | Lair:2   | Received a gift from Okawaru
 18050 | Lair:2   | Noticed a boulder beetle
 18051 | Lair:2   | Reached XP level 14. HP: 99/99 MP: 20/20
 18962 | Lair:3   | Found a staircase to the Shoals.
 19243 | Lair:3   | Received a gift from Okawaru
 19527 | Lair:4   | Reached skill level 5 in Evocations
 20196 | Lair:4   | Received a gift from Okawaru
 20897 | Lair:5   | Received a gift from Okawaru
 21149 | Lair:5   | Noticed Kirke
 21371 | Lair:4   | Killed Kirke
 21371 | Lair:4   | Received a gift from Okawaru
 21518 | Lair:5   | Found a viscous altar of Jiyva.
 21518 | Lair:5   | Found a staircase to the Slime Pits.
 22043 | Lair:6   | Entered Level 6 of the Lair of Beasts
 22382 | Lair:6   | Received a gift from Okawaru
 22608 | Lair:6   | Reached skill level 5 in Shields
 22902 | Lair:6   | Received a gift from Okawaru
 23129 | Lair:6   | Reached XP level 15. HP: 49/108 MP: 5/21
 25242 | Lair:1   | Identified 3 scrolls of acquirement
 25244 | Lair:1   | Acquired 924 gold pieces
 25248 | Lair:1   | Acquired 625 gold pieces
 25249 | Lair:1   | Acquired 1067 gold pieces
 25318 | D:10     | Bought a potion of invisibility for 96 gold pieces
 25318 | D:10     | Bought 2 potions of magic for 192 gold pieces
 25318 | D:10     | Bought a potion of haste for 120 gold pieces
 25434 | D:13     | Bought a scroll of identify for 26 gold pieces
 25434 | D:13     | Bought a scroll of enchant armour for 97 gold pieces
 25434 | D:13     | Bought a scroll of blinking for 97 gold pieces
 25434 | D:13     | Bought a scroll of enchant armour for 97 gold pieces
 25434 | D:13     | Bought a scroll of identify for 26 gold pieces
 25434 | D:13     | Bought a scroll of blinking for 97 gold pieces
 25434 | D:13     | Bought a scroll of enchant armour for 97 gold pieces
 25612 | Spider:1 | Entered Level 1 of the Spider Nest
 25768 | Spider:1 | Received a gift from Okawaru
 25936 | Spider:1 | Reached skill level 19 in Slings
 26270 | Spider:1 | Received a gift from Okawaru
 26799 | Spider:1 | Received a gift from Okawaru
 27619 | Spider:1 | Noticed Aizul
 27655 | Spider:1 | Killed Aizul
 27655 | Spider:1 | Received a gift from Okawaru
 29525 | Spider:2 | Reached skill level 20 in Slings
 29754 | Spider:2 | Noticed an emperor scorpion
 29787 | Spider:1 | Killed an emperor scorpion
 29787 | Spider:1 | Received a gift from Okawaru
 29822 | Spider:2 | Reached skill level 10 in Shields
 30042 | Spider:2 | Received a gift from Okawaru
 30662 | Spider:2 | Reached XP level 16. HP: 72/115 MP: 18/22
 32613 | Spider:3 | Noticed Jorgrun
 32888 | Spider:3 | Reached skill level 1 in Stealth
 33510 | Spider:3 | Reached skill level 21 in Slings
 33603 | Spider:3 | Killed Jorgrun
 33691 | Spider:3 | Received a gift from Okawaru
 34461 | Shoals:1 | Entered Level 1 of the Shoals
 34744 | Shoals:1 | Reached skill level 5 in Stealth
 34772 | Shoals:1 | Received a gift from Okawaru
 36581 | Shoals:2 | Reached XP level 17. HP: 124/124 MP: 23/23
 36644 | Shoals:2 | Received a gift from Okawaru
 36644 | Shoals:2 | Reached skill level 22 in Slings
 39970 | Shoals:4 | Entered Level 4 of the Shoals
 39970 | Shoals:4 | Found Ruliuwk's Armour Shop.
 39992 | Shoals:4 | Bought a +0 cloak of magic resistance for 172 gold pieces
 39993 | Shoals:4 | Noticed a kraken
 40024 | Shoals:4 | Killed a kraken
 40154 | Shoals:4 | Found Lama Anu's Armour Shop.
 40777 | Shoals:4 | Noticed a kraken
 41378 | Shoals:4 | Received a gift from Okawaru
 42048 | Shoals:4 | Reached skill level 10 in Evocations
 42060 | Shoals:4 | Got a pair of faintly glowing gloves {god gift}
 42071 | Shoals:4 | Identified the +1 pair of gloves of the Harp {rPois Dex+4}
                  | (Okawaru gifted it to you on level 4 of the Shoals)
 42343 | Shoals:4 | Bought the +4 chain mail "Aggerelo" {rCorr Dex+5} for 714
                  | gold pieces
 42398 | Shoals:4 | Killed a kraken
 42426 | Shoals:4 | Got a barnacled rune of Zot
 42613 | Shoals:4 | Reached skill level 15 in Fighting
 43489 | Shoals:4 | Found Xiopekh's Antique Weapon Shoppe.
 43626 | Shoals:4 | Reached XP level 18. HP: 124/134 MP: 24/24
 43709 | Shoals:4 | Found Arooge Egoc's Distillery.
 43720 | Shoals:4 | Found Qaeseak's Antique Armour Shoppe.
 43913 | Shoals:4 | Identified the Incunabulum of the Miller
 44203 | Shoals:4 | Got a scorched pewter ring
 44205 | Shoals:4 | Identified the cursed ring of Birdsong {rPois Int-4} (You
                  | found it on level 4 of the Shoals)
 45159 | D:14     | Found a gate to the Vaults.
 45224 | D:14     | Reached skill level 10 in Armour
 45674 | D:14     | Found a blossoming altar of Fedhas.
 46855 | D:14     | Found a blossoming altar of Fedhas.
 47032 | D:14     | Found a gate to the Vaults.
 47372 | D:14     | Found the +8 glaive of the Guard {elec, +Rage AC+5 SInv}
 47644 | D:14     | Found a gate to the Vaults.
 47824 | D:14     | Found a blossoming altar of Fedhas.
 48177 | Vaults:1 | Entered Level 1 of the Vaults
 48195 | D:15     | Entered Level 15 of the Dungeon
 49250 | D:15     | Received a gift from Okawaru
 49313 | D:15     | Found a staircase to the Depths.
 49704 | Orc:1    | Entered Level 1 of the Orcish Mines
 49739 | Orc:1    | Found a dark tunnel.
 49744 | Volcano  | Entered a volcano
 50698 | Orc:1    | Found a roughly hewn altar of Beogh.
 50732 | Orc:1    | Found a roughly hewn altar of Beogh.
 51028 | Orc:2    | Entered Level 2 of the Orcish Mines
 51125 | Orc:2    | Reached XP level 19. HP: 127/139 MP: 22/25
 51264 | Orc:1    | Received a gift from Okawaru
 52241 | Orc:2    | Found a staircase to the Elven Halls.
 52483 | Orc:2    | Found Osogeo's Armour Shop.
 52483 | Orc:2    | Found Doogiuqa's Book Emporium.
 52486 | Orc:2    | Found Fotife's Antique Weapon Shop.
 52486 | Orc:2    | Found Beativvoja's Armour Emporium.
 52626 | Elf:1    | Entered Level 1 of the Elven Halls
 53894 | Elf:1    | Paralysed by an orc sorcerer for 4 turns
 54290 | Elf:1    | Reached skill level 10 in Stealth
 55755 | Elf:1    | Received a gift from Okawaru
 56097 | Elf:2    | Acquired the amulet of Accord {RegenMP +Inv rPois Dex+5
                  | Stlth+}
 56157 | Elf:2    | Found Rifogef's Weapon Boutique.
 56157 | Elf:2    | Found a shimmering blue altar of Sif Muna.
 56513 | Elf:2    | Found a huge runed translucent gate.
 56513 | Elf:2    | Found a huge runed translucent gate.
 56513 | Elf:2    | Found a huge runed translucent gate.
 56519 | Elf:2    | Found a huge runed translucent gate.
 56519 | Elf:2    | Found a huge runed translucent gate.
 56519 | Elf:2    | Noticed a deep elf blademaster
 56952 | Spider:4 | Entered Level 4 of the Spider Nest
 58749 | Spider:4 | Reached XP level 20. HP: 144/146 MP: 26/26
 59492 | Spider:4 | HP: 5/147 [wolf spider (10)]
 60480 | Spider:4 | Got a gossamer rune of Zot
 61204 | Vaults:1 | Received a gift from Okawaru
 61471 | Vaults:1 | Found a gateway to a bazaar.
 61480 | Bazaar   | Entered a bazaar
 61480 | Bazaar   | Found Roitz's Weapon Shop.
 61480 | Bazaar   | Found Yzycvil's Gadget Shop.
 61480 | Bazaar   | Found Puleonig's Armour Boutique.
 61483 | Bazaar   | Bought a phial of floods for 360 gold pieces
 61483 | Bazaar   | Bought a lightning rod (4/4) for 360 gold pieces
 61483 | Bazaar   | Bought a wand of enslavement (6) for 72 gold pieces
 61483 | Bazaar   | Bought a tin of tremorstones (3/3) for 360 gold pieces
 61495 | Bazaar   | Bought a phantom mirror for 270 gold pieces
 61495 | Bazaar   | Bought a wand of iceblast (5) for 81 gold pieces
 61536 | Vaults:1 | Received a gift from Okawaru
 61699 | Vaults:1 | Received a gift from Okawaru
 62314 | Vaults:1 | Received a gift from Okawaru
 62736 | Vaults:1 | Received a gift from Okawaru
 62915 | Vaults:1 | Reached XP level 21. HP: 38/154 MP: 27/27
 65041 | Vaults:2 | Found a staircase to the Crypt.
 65140 | Vaults:2 | You fall into a shaft and drop 1 floor!
 65156 | Vaults:3 | Killed from afar by a fire giant

Illustrated notes

Levels and vault maps discovered:
D:1:      dpeg_arrival_refuge, layout_loops_ring, okawaru_ov_weapons_minmay
D:2:      layout_basic, nicolae_overflow_hidden_temple,
          nicolae_overflow_crystal_walls, minmay_misc_feat_five,
          nemelex_spade_bored_becter
D:3:      layout_loops_ring, lemuel_round_altar, elyvilon_altar_3,
          kennysheep_generic_room_15
D:4:      layout_loops_ring, grunt_temple_overflow_diamond,
          hangedman_decor_riveting, uniq_edmund
D:5:      layout_basic, nicolae_dithmenos_through_a_glass_darkly,
          kennysheep_mini_moat, minmay_temple_entry_glassed_door,
          hangedman_ru_absence
D:6:      layout_rooms, zin_purify
D:7:      layout_rooms, nicolae_ashenzari_panopticon, lemuel_doored_altar,
          serial_rivers, chequers_serial_rivers_room_a,
          chequers_serial_rivers_micro_d, chequers_serial_rivers_small_a,
          chequers_serial_rivers_micro_d, chequers_serial_rivers_micro_a,
          chequers_serial_rivers_large_b, minmay_holes, uniq_menkaure
D:8:      layout_rooms, nicolae_ossuary_entry_plus, uniq_gastronok, uniq_psyche
D:9:      layout_rooms, marbit_many_paths, orc_0_dummy,
          nemelex_lonely_heart_becter
D:10:     layout_gridville, david_lair_generic, serial_shops, kennysheep_mini,
          fountainhead, uniq_josephine
D:11:     layout_stronghold
D:12:     layout_basic
D:13:     layout_roguey, serial_shops, shop_scrolls,
          chequers_serial_rivers_micro_a, minmay_misc_feat_square
D:14:     minmay_guarded_unrand_guard, layout_long_grid,
          lightli_vaults_fourway_checkpoint, fedhas_altar_3
D:15:     grunt_enter_depths_magical_seal, layout_basic,
          chequers_serial_rivers_micro_e
Lair:1:   layout_chaotic_city, gauntlet_entry_generic
Lair:2:   layout_gridlike, spider_nest_entry_rubble,
          chequers_serial_rivers_micro_c, lemuel_oklob_altar
Lair:3:   layout_roguey, minmay_shoals_entry_lonely_mermaid,
          minmay_lair_oklob_chamber
Lair:4:   layout_hall_layers, disabler_island, grunt_megastairs_3
Lair:5:   layout_loops_ring, slime_altar_1, infiniplex_staircase_pool,
          wad_woods_river_01, lemuel_fruit_tree, serial_bayou_shore_b,
          uniq_kirke
Lair:6:   hangedman_lair_tendril_chambers, layout_cave_pods
Shoals:1: layout_shoals
Shoals:2: layout_shoals
Shoals:3: layout_shoals
Shoals:4: shoals_end_hangedman, layout_shoals, serial_shops,
          nicolae_shop_crystal, nicolae_shop_overgrown_old_shop, shop_statue,
          shop, shop
Spider:1: layout_spider_delve, guppyfry_hornet_nest, uniq_aizul
Spider:2: layout_spider_delve, drop_trap
Spider:3: layout_spider_delve, drop_trap, uniq_jorgrun
Spider:4: grunt_spider_rune_parallel
Orc:1:    nicolae_orc_accident_2, layout_caves, nicolae_volcano_entry_s_turn,
          basic_altar
Orc:2:    grunt_orc_tribal_feast, layout_caves, mines3_lemuel
Elf:1:    layout_onion_city, kennysheep_underground_church
Elf:2:    layout_geoelf_grid, serial_shops, nicolae_shop_behind_doors,
          basic_altar
Vaults:1: nicolae_vaults_hallways_thing, hangedman_vaults_nodes,
          hangedman_vaults_stagger, v_misc_29, grunt_vaults_twisty,
          ontoclasm_vaults_pinch, vaults_mumra_chevron, vaults_dpeg_cross,
          v_rooms_2, layout_vaults_chaotic_city, serial_shops,
          bzr_entry_customers
Vaults:2: vaults_dpeg_hooks, ontoclasm_vaults_tryst,
          minmay_crypt_entry_simple_statues, v_misc_12,
          vaults_room_stairs_pillars, dpeg_vaults_monster_row,
          vaults_room_large_hall, hangedman_vaults_impose,
          hangedman_vaults_slice, vaults_room_guarded_vault,
          layout_vaults_omnicross
Vaults:3: v_misc_33, nicolae_vaults_what_the_h, nicolae_vaults_shelves_hall,
          vaults_dpeg_diagonal, vaults_dpeg_ring, nicolae_vaults_angled_halls,
          v_rooms_6, layout_vaults_omnigrid, serial_shops, nicolae_shop_trees

Skill      XL: |  1  2  3  4  5  6  7  8  9 10 11 12 13 14 15 16 17 18 19 20 |
---------------+-------------------------------------------------------------+-----
Short Blades   | 3 4 5 6 8 10 11 13 | 13.6
Fighting       | 3 4 5 6 8 10 12 13 15 16 | 16.9
Shields        | 4 5 10 11 13 | 13.4
Slings         | 2 3 4 6 10 13 14 16 18 20 21 22 | 22.0
Invocations    | 2 5 8 |  8.0
Dodging        | 5 7 |  7.9
Armour         | 5 7 11 13 | 13.0
Evocations     | 4 8 10 11 | 11.6
Stealth        | 5 8 10 | 10.0

Action                   |  1- 3 |  4- 6 |  7- 9 | 10-12 | 13-15 | 16-18 | 19-21 || total
-------------------------+-------+-------+-------+-------+-------+-------+-------++-------
Melee: Rapier            |   115 |   101 |   102 |   110 |       |       |       ||   428
       Short sword       |       |       |       |   252 |    24 |   110 |   164 ||   550
       Fustibalus        |       |       |       |     1 |       |       |       ||     1
 Fire: Hunting sling     |       |    48 |   257 |    23 |       |   460 |   236 ||  1024
       Fustibalus        |       |       |       |   503 |  1599 |  1611 |  1658 ||  5371
Throw: Dart              |     1 |       |     6 |       |       |       |       ||     7
Invok: Heroism           |       |     1 |     8 |     9 |    23 |    23 |    17 ||    81
       Finesse           |       |       |       |     2 |     9 |    10 |     4 ||    25
Evoke: Box of beasts     |       |       |       |       |     1 |     3 |     5 ||     9
       Wand              |       |       |       |       |       |    27 |     5 ||    32
       Condenser vane    |       |       |       |       |       |       |     5 ||     5
       Lightning rod     |       |       |       |       |       |       |     2 ||     2
       Phial of floods   |       |       |       |       |       |       |     1 ||     1
       Tin of tremorston |       |       |       |       |       |       |     1 ||     1
  Use: Scroll            |     2 |     1 |    13 |     3 |    27 |     8 |    11 ||    65
       Potion            |       |       |     1 |     3 |     5 |     8 |     5 ||    22
Armor: Scale mail        |    44 |    36 |    73 |   183 |   162 |       |       ||   498
       Leather armour    |       |       |       |       |    38 |    77 |       ||   115
       Chain mail        |       |       |       |       |       |   126 |   258 ||   384
Dodge: Dodged            |    34 |    34 |    73 |   188 |   578 |   892 |   731 ||  2530
       Repelled          |       |       |       |       |    10 |    11 |     9 ||    30
Block: Kite shield       |    56 |    61 |    81 |   165 |       |       |    71 ||   434
       Buckler           |       |       |       |       |   235 |   462 |   481 ||  1178

Table legend: (Time is in decaauts)
 A = Elapsed time spent in this place.
 B = Non-inter-level travel time spent in this place.
 C = Inter-level travel time spent in this place.
 D = Time resting spent in this place.
 E = Time spent auto-exploring this place.
 F = Levels seen in this place.
 G = Mean time per level.
                   A        B        C        D        E       F      G
               +--------+--------+--------+--------+--------+-----+--------+
         Total |  63635 |  58601 |   5034 |  17112 |  20962 |  40 | 1590.9 |
       Dungeon |  20798 |  18887 |   1911 |   3570 |   7093 |  15 | 1386.5 |
          Lair |  10076 |   8744 |   1332 |   1685 |   4577 |   6 | 1679.3 |
        Shoals |   9977 |   9603 |    374 |   4827 |   2334 |   4 | 2494.2 |
   Spider Nest |  11300 |  10279 |   1021 |   4172 |   2833 |   4 | 2825.0 |
  Orcish Mines |   2118 |   1838 |    280 |    172 |    910 |   2 | 1059.0 |
   Elven Halls |   3726 |   3662 |     64 |   1202 |   1319 |   2 | 1863.0 |
        Vaults |   3672 |   3623 |     49 |    838 |   1489 |   3 | 1224.0 |
        Bazaar |     19 |     19 |      0 |      0 |      0 |   1 |   19.0 |
       Ossuary |    246 |    246 |      0 |      0 |    153 |   1 |  246.0 |
       Volcano |    771 |    771 |      0 |    242 |     95 |   1 |  771.0 |
      Gauntlet |    929 |    929 |      0 |    401 |    158 |   1 |  929.0 |
               +--------+--------+--------+--------+--------+-----+--------+

Top non-repeatable levels by time:
Spider:1: 4013 daAuts
    D:14: 3535 daAuts
  Lair:6: 3154 daAuts
Shoals:3: 3144 daAuts
Spider:4: 3016 daAuts
   Elf:1: 2958 daAuts
Vaults:1: 2794 daAuts
Shoals:4: 2578 daAuts
Shoals:2: 2532 daAuts
    D:10: 2454 daAuts
Spider:2: 2276 daAuts
Spider:3: 1994 daAuts
    D:11: 1875 daAuts
Shoals:1: 1721 daAuts
  Lair:2: 1528 daAuts
